 Dungeon Crawl Stone Soup version 0.23-a0-767-gdc19b93d68 (webtiles) character file.

68 Azzok the Firebug (level 4, 30/30 HPs)
             Began as a Demonspawn Fire Elementalist on Jan 23, 2019.
             Quit the game on level 2 of the Dungeon.
             The game lasted 00:01:49 (2173 turns).

Azzok the Firebug (Demonspawn Fire Elementalist)    Turns: 2173, Time: 00:01:50

Health: 30/30      AC:  2    Str:  9    XL:     4   Next: 1%
Magic:  5/8        EV: 12    Int: 17    God:
Gold:   71         SH:  0    Dex: 13    Spells: 7/8 levels left

rFire    . . .     SeeInvis .   (no weapon)
rCold    . . .     Gourm    .   (no shield)
rNeg     . . .     Faith    .   a - +0 robe
rPois    .         Spirit   +   (no helmet)
rElec    .         Reflect  .   (no cloak)
rCorr    .         Harm     .   (no gloves)
MR       .....                  (no boots)
Stlth    +++.......             (no amulet)
HPRegen  0.10/turn              (no ring)
MPRegen  0.11/turn              (no ring)

@: no status effects
A: nightstalker 1, magic shield, sanguine armour 1
a: no special abilities


You were on level 2 of the Dungeon.
You were not hungry.

You visited 1 branch of the dungeon, and saw 2 of its levels.

You collected 71 gold pieces.

Inventory:

Armour
 a - a +0 robe (worn)
Scrolls
 e - a scroll of noise {unknown}
 f - 2 scrolls of remove curse {unknown}
 g - a scroll of blinking {unknown}
 i - 2 scrolls of identify {unknown}
 j - a scroll of amnesia {unknown}
Potions
 b - a potion of might {unknown}
 d - 2 potions of curing {unknown}
 h - a potion of haste {unknown}
 k - a potion of degeneration {unknown}
Comestibles
 c - 3 rations
 l - 6 chunks of flesh


   Skills:
 - Level 1.7 Dodging
 - Level 1.7 Stealth
 + Level 2.8 Spellcasting
 + Level 2.3 Conjurations
 + Level 3.3 Fire Magic


You had 7 spell levels left.
You knew the following spells:

 Your Spells              Type           Power        Failure   Level  Hunger
a - Flame Tongue          Conj/Fire      ##...        5%          1    #......

Your spell library contained the following spells:

 Spells                   Type           Power        Failure   Level  Hunger
 Throw Flame              Conj/Fire      ##....       9%          2    ##.....
 Conjure Flame            Conj/Fire      ##......     17%         3    ###....
 Inner Flame              Hex/Fire       #.......     26%         3    ###....
 Sticky Flame             Conj/Fire      ##......     50%         4    #####..
 Fireball                 Conj/Fire      ##........   83%         5    ######.


Dungeon Overview and Level Annotations

Branches:
Dungeon (2/15)

Altars:


Innate Abilities, Weirdness & Mutations

You are slightly more attuned to the shadows.
When hurt, damage is shared between your health and your magic reserves.
When seriously injured, your bleeding wounds create armour. (AC +0)


Message History

Aim: a kobold The flame tongue hits the kobold.
The kobold is severely wounded.
The kobold misses you.
Casting: Flame Tongue (safe; 5% risk of failure)
Confirm with . or Enter, or press ? or * to list all spells.
Aiming: Flame Tongue (safe; 5% risk of failure)
Press: ? - help, Shift-Dir - straight line, f/p - kobold
Aim: a kobold (severely wounded)
The flame tongue hits the kobold.
You kill the kobold!
You have reached level 4!
You feel stronger.
Your demonic ancestry asserts itself...
You slip into the darkness of the dungeon.
The giant cockroach closely misses you. The giant cockroach misses you.
Are you sure you want to abandon this character and quit the game? (Confirm with "yes".)
Okay, then.
Unknown command.
Unknown command.
Are you sure you want to abandon this character and quit the game? (Confirm with "yes".)

▒·▒ ▒·▒ ▒···········▒ ▒·▒
▒·▒ ▒··········)▒▒▒
▒▒·▒▒▒)▒ ▒···········'··
▒······▒ ▒···········▒▒▒
▒·▒▒▒▒▒▒ ▒···········▒
▒·▒▒▒▒▒▒▒▒▒▒▒▒▒▒▒▒▒▒▒▒····▒
▒··················· ▒····▒
▒·▒···▒···▒···▒···▒· ▒▒▒▒▒▒
▒···········@†······
▒▒▒···▒···▒··s▒···▒·
▒··················
▒▒▒▒▒▒▒▒▒▒▒▒▒▒▒▒▒ ▒


You could see a giant cockroach.

Vanquished Creatures
  2 adders (D:2)
  An ooze (D:1)
  A worm (D:2)
  A dart slug (D:1)
  2 leopard geckos (D:1)
  A ball python (D:1)
  4 giant cockroaches
  3 goblins (D:1)
  5 hobgoblins
  6 kobolds
  3 quokkas (D:2)
  4 bats
  A frilled lizard (D:2)
  3 rats
37 creatures vanquished.

Notes
Turn   | Place    | Note
-------+----------+-------------------------------------------
     0 | D:1      | Azzok the Demonspawn Fire Elementalist began the quest for
                  | the Orb.
     0 | D:1      | Reached XP level 1. HP: 13/13 MP: 3/3
   180 | D:1      | Gained mutation: When hurt, damage is shared between your
                  | health and your magic reserves. [demonic ancestry]
   180 | D:1      | Reached XP level 2. HP: 19/19 MP: 1/5
   319 | D:1      | Reached skill level 3 in Fire Magic
   972 | D:1      | Gained mutation: When seriously injured, your bleeding
                  | wounds create armour. (AC +0) [demonic ancestry]
   972 | D:1      | Reached XP level 3. HP: 22/24 MP: 4/6
  2172 | D:2      | Gained mutation: You are slightly more attuned to the
                  | shadows. [demonic ancestry]
  2172 | D:2      | Reached XP level 4. HP: 30/30 MP: 5/8
  2173 | D:2      | Quit the game

Vault maps used:
D:1:      dpeg_arrival_water_temple_mockup, minmay_worlds_worst_comb
D:2:      lemuel_coloured_pillars_altar

Skill      XL: |  1  2  3 |
---------------+----------+-----
Fire Magic     | 3 |  3.3
Conjurations   | 2 |  2.3
Dodging        | |  1.7
Stealth        | |  1.7
Spellcasting   | |  2.8

Action                   |  1- 3 |  4- 6 || total
-------------------------+-------+-------++-------
Melee: Unarmed           |    20 |       ||    20
 Cast: Flame Tongue      |    72 |     1 ||    73
  Eat: Chunk             |     4 |       ||     4
Armor: Robe              |    14 |       ||    14
Dodge: Dodged            |    34 |     2 ||    36

Table legend:
 A = Non-vault XP
 B = Vault XP
 C = Vault XP percentage of total XP
 D = Non-vault monster count
 E = Vault monster count
 F = Vault count percentage of total count
                 A         B        C        D         E       F
            +---------+---------+-------+---------+---------+-------
      Total |      94 |       4 |   4.1 |      35 |       2 |   5.4
            +---------+---------+-------+---------+---------+-------
        D:1 |      43 |       4 |   8.5 |      20 |       2 |   9.1
        D:2 |      51 |       0 |   0.0 |      15 |       0 |   0.0
            +---------+---------+-------+---------+---------+-------
